TOP OF THE 1ST |
Houston Marshals batting - Pitching for Kalamazoo Royale with Cheese : LHP Dave Huot
|
Pitching: LHP Dave Huot
|
|
Batting: RHB Javier Rentería
|
0-0: Ball 1-0: Called Strike 1-1: Ball 2-1: SINGLE (Groundball, 34S) (infield hit)
|
Batting: SHB Ramón Lugo
|
0-0: Ball 1-0: Ball 2-0: Called Strike 2-1: Called Strike Javier Rentería steals 2nd base 2-2: Foul Ball, location: 2F 2-2: Ball 3-2: Ground out 6-3 (Groundball, 6M) Javier Rentería to third
|
Batting: LHB José Rodríguez
|
0-0: 2-RUN HOME RUN (Flyball, 89XD), Distance : 431 ft
|
Batting: LHB Michael Cook
|
0-0: Foul Ball, location: 2F 0-1: Ball 1-1: Ball 2-1: Swinging Strike 2-2: Foul Ball, location: 2F 2-2: Strikes out swinging, 2-3 out at first.
|
Batting: RHB Esteban Lara
|
0-0: Called Strike 0-1: Ball 1-1: Called Strike 1-2: Ball 2-2: Ball 3-2: Foul Ball, location: 2F 3-2: Foul Ball, location: 2F 3-2: Foul Ball, location: 2F 3-2: SINGLE (Groundball, 6MD)
|
Batting: SHB Álex Rosado
|
0-0: Ball 1-0: Foul Ball, location: 2F 1-1: Ball 2-1: Ground out 5-3 (Groundball, 56S)
|
Top of the 1st over - 2 runs, 3 hits, 0 errors, 1 left on base; Houston 2 - Kalamazoo 0 |
BOTTOM OF THE 1ST |
Kalamazoo Royale with Cheese batting - Pitching for Houston Marshals : RHP Steve Stanton
|
Pitching: RHP Steve Stanton
|
|
Batting: RHB Millard Boyd
|
0-0: Called Strike 0-1: Foul Ball, location: 2F 0-2: Ball 1-2: Ball 2-2: Fly out, F8 (Flyball, 78D)
|
Batting: LHB Gene Cooper
|
0-0: Ball 1-0: Called Strike 1-1: Foul Ball, location: 2F 1-2: Strikes out swinging
|
Batting: SHB Caden Keith
|
0-0: Ball 1-0: Ball 2-0: Foul Ball, location: 2F 2-1: Foul Ball, location: 2F 2-2: Foul Ball, location: 2F 2-2: Strikes out swinging
|
Bottom of the 1st over - 0 runs, 0 hits, 0 errors, 0 left on base; Houston 2 - Kalamazoo 0 |
TOP OF THE 2ND |
Houston Marshals batting - Pitching for Kalamazoo Royale with Cheese : RHP Armen Boyajian
|
Pitching: RHP Armen Boyajian
|
|
Batting: RHB Marvin Johnson
|
0-0: Called Strike 0-1: Foul Ball, location: 2F 0-2: SINGLE (Groundball, 56D)
|
Batting: SHB Walton Locke
|
0-0: Fly out, F6 (Line Drive, 6M)
|
Batting: LHB Sammy Marshall
|
0-0: Swinging Strike 0-1: Fielders Choice at 2nd, 4-6 (Groundball, 34)
|
Batting: RHB Javier Rentería
|
0-0: Ball 1-0: SINGLE (Line Drive, 4D) Sammy Marshall to second
|
Batting: SHB Ramón Lugo
|
0-0: Fielders Choice at 2nd, 5-4 (Groundball, 56)
|
Top of the 2nd over - 0 runs, 2 hits, 0 errors, 2 left on base; Houston 2 - Kalamazoo 0 |
BOTTOM OF THE 2ND |
Kalamazoo Royale with Cheese batting - Pitching for Houston Marshals : RHP Steve Stanton
|
Batting: LHB Roberto Sandoval
|
0-0: Ball 1-0: Ball 2-0: Foul Ball, location: 2F 2-1: Ball 3-1: SINGLE (Groundball, 6) (infield hit)
|
Batting: LHB Bob Smith
|
0-0: Ball 1-0: Ball 2-0: Ground out 4-3 (Groundball, 4S) Roberto Sandoval to second
|
Batting: LHB Donovan Bird
|
0-0: Ball 1-0: Ball 2-0: Ground out 4-3 (Groundball, 4) Roberto Sandoval to third
|
Batting: RHB Zander Tremblett
|
0-0: Called Strike 0-1: Called Strike 0-2: Foul Ball, location: 2F 0-2: Ball 1-2: Ball 2-2: Strikes out swinging
|
Bottom of the 2nd over - 0 runs, 1 hit, 0 errors, 1 left on base; Houston 2 - Kalamazoo 0 |
TOP OF THE 3RD |
Houston Marshals batting - Pitching for Kalamazoo Royale with Cheese : RHP Armen Boyajian
|
Batting: LHB José Rodríguez
|
0-0: Called Strike 0-1: Ball 1-1: Called Strike 1-2: Foul Ball, location: 2F 1-2: Strikes out looking
|
Batting: LHB Michael Cook
|
0-0: Called Strike 0-1: Fly out, F4 (Popup, 4S)
|
Batting: RHB Esteban Lara
|
0-0: Ball 1-0: Ball 2-0: Foul Ball, location: 2F 2-1: Foul Ball, location: 2F 2-2: SINGLE (Groundball, 34S) (infield hit)
|
Batting: SHB Álex Rosado
|
0-0: Ball Esteban Lara steals 2nd base 1-0: Ground out 4-3 (Groundball, 4)
|
Top of the 3rd over - 0 runs, 1 hit, 0 errors, 1 left on base; Houston 2 - Kalamazoo 0 |
BOTTOM OF THE 3RD |
Kalamazoo Royale with Cheese batting - Pitching for Houston Marshals : RHP Steve Stanton
|
Batting: LHB Bill McJannett
|
0-0: Called Strike 0-1: Ball 1-1: Ball 2-1: Fly out, F9 (Flyball, 9LSF)
|
Batting: RHB Eichiro Yamamoto
|
0-0: Ball 1-0: SINGLE (Groundball, 56D)
|
Batting: RHB Millard Boyd
|
0-0: Called Strike 0-1: Grounds into double play, 5-4-3 (Groundball, 56)
|
Bottom of the 3rd over - 0 runs, 1 hit, 0 errors, 0 left on base; Houston 2 - Kalamazoo 0 |
TOP OF THE 4TH |
Houston Marshals batting - Pitching for Kalamazoo Royale with Cheese : RHP Armen Boyajian
|
Batting: RHB Marvin Johnson
|
0-0: Fly out, F6 (Line Drive, 6)
|
Batting: SHB Walton Locke
|
0-0: Ball 1-0: Ball 2-0: Ball 3-0: Called Strike 3-1: Foul Ball, location: 2F 3-2: Foul Ball, location: 2F 3-2: DOUBLE (Line Drive, 78XD)
|
Batting: LHB Sammy Marshall
|
0-0: Ball 1-0: SINGLE (Line Drive, 8LS) Walton Locke to third Runner from 3rd tries for Home, SAFE, no throw
|
Batting: RHB Javier Rentería
|
0-0: Called Strike 0-1: Ball 1-1: Ball 2-1: Ball 3-1: Foul Ball, location: 2F 3-2: Foul Ball, location: 2F 3-2: Foul Ball, location: 2F 3-2: Base on Balls Sammy Marshall to second
|
Batting: SHB Ramón Lugo
|
0-0: Called Strike 0-1: Ball 1-1: Foul Ball, location: 2F 1-2: Foul Ball, location: 2F 1-2: Ball 2-2: Foul Ball, location: 2F 2-2: Grounds into double play, 4-6-3 (Groundball, 4)
|
Top of the 4th over - 1 run, 2 hits, 0 errors, 1 left on base; Houston 3 - Kalamazoo 0 |
BOTTOM OF THE 4TH |
Kalamazoo Royale with Cheese batting - Pitching for Houston Marshals : RHP Steve Stanton
|
Batting: LHB Gene Cooper
|
0-0: Called Strike 0-1: Called Strike 0-2: Ball 1-2: Fly out, F4 (Popup, 34S)
|
Batting: SHB Caden Keith
|
0-0: Ball 1-0: Foul Ball, location: 2F 1-1: Foul Ball, location: 2F 1-2: Fly out, F5 (Popup, 15)
|
Batting: LHB Roberto Sandoval
|
0-0: Swinging Strike 0-1: SINGLE (Groundball, 34D)
|
Batting: LHB Bob Smith
|
0-0: Ball 1-0: Called Strike Roberto Sandoval steals 2nd base 1-1: Ball 2-1: SINGLE (Line Drive, 34D) Roberto Sandoval to third Runner from 3rd tries for Home, SAFE, no throw
|
Batting: LHB Donovan Bird
|
0-0: Ground out U3 (Groundball, 3)
|
Bottom of the 4th over - 1 run, 2 hits, 0 errors, 1 left on base; Houston 3 - Kalamazoo 1 |
TOP OF THE 5TH |
Houston Marshals batting - Pitching for Kalamazoo Royale with Cheese : RHP Armen Boyajian
|
Batting: LHB José Rodríguez
|
0-0: Called Strike 0-1: Ball 1-1: Ball 2-1: SOLO HOME RUN (Flyball, 9LD), Distance : 357 ft
|
Batting: LHB Michael Cook
|
0-0: Fly out, F3 (Line Drive, 34)
|
Batting: RHB Esteban Lara
|
0-0: Ball 1-0: Called Strike 1-1: Swinging Strike 1-2: Ball 2-2: Fly out, F7 (Flyball, 7S)
|
Pitching: RHP Bob Cunningham
|
|
Batting: SHB Álex Rosado
|
0-0: Ball 1-0: Foul Ball, location: 2F 1-1: Fly out, F7 (Flyball, 7LSF)
|
Top of the 5th over - 1 run, 1 hit, 0 errors, 0 left on base; Houston 4 - Kalamazoo 1 |
BOTTOM OF THE 5TH |
Kalamazoo Royale with Cheese batting - Pitching for Houston Marshals : RHP Steve Stanton
|
Batting: RHB Zander Tremblett
|
0-0: Ball 1-0: Foul Ball, location: 2F 1-1: Foul Ball, location: 2F 1-2: Strikes out swinging
|
Batting: LHB Bill McJannett
|
0-0: Ball 1-0: Ball 2-0: Called Strike 2-1: Foul Ball, location: 2F 2-2: Ground out 5-3 (Groundball, 5)
|
Batting: RHB Eichiro Yamamoto
|
0-0: Ball 1-0: Called Strike 1-1: Called Strike 1-2: Fly out, F8 (Flyball, 8LXD)
|
Bottom of the 5th over - 0 runs, 0 hits, 0 errors, 0 left on base; Houston 4 - Kalamazoo 1 |
TOP OF THE 6TH |
Houston Marshals batting - Pitching for Kalamazoo Royale with Cheese : RHP Bob Cunningham
|
Batting: RHB Marvin Johnson
|
0-0: Ground out 3-1 (Groundball, 34)
|
Batting: SHB Walton Locke
|
0-0: Called Strike 0-1: Called Strike 0-2: Ball 1-2: Ground out 4-3 (Groundball, 4)
|
Batting: LHB Sammy Marshall
|
0-0: Ball 1-0: Ball 2-0: Swinging Strike 2-1: Swinging Strike 2-2: Foul Ball, location: 2F 2-2: Ball 3-2: Foul Ball, location: 2F 3-2: Fly out, F4 (Popup, 4)
|
Top of the 6th over - 0 runs, 0 hits, 0 errors, 0 left on base; Houston 4 - Kalamazoo 1 |
BOTTOM OF THE 6TH |
Kalamazoo Royale with Cheese batting - Pitching for Houston Marshals : RHP Steve Stanton
|
Batting: RHB Millard Boyd
|
0-0: Ball 1-0: Ball 2-0: Ball 3-0: Ground out 1-3 (Groundball, 15)
|
Batting: LHB Gene Cooper
|
0-0: Foul Ball, location: 2F 0-1: Fly out, F9 (Flyball, 9LMF)
|
Batting: SHB Caden Keith
|
0-0: Ball 1-0: Foul Ball, location: 2F 1-1: Foul Ball, location: 2F 1-2: Ball 2-2: Strikes out swinging
|
Bottom of the 6th over - 0 runs, 0 hits, 0 errors, 0 left on base; Houston 4 - Kalamazoo 1 |
TOP OF THE 7TH |
Houston Marshals batting - Pitching for Kalamazoo Royale with Cheese : RHP Bob Cunningham
|
Batting: RHB Javier Rentería
|
0-0: Ball 1-0: Swinging Strike 1-1: Swinging Strike 1-2: Strikes out swinging
|
Batting: SHB Ramón Lugo
|
0-0: Foul Ball, location: 2F 0-1: Ball 1-1: Ground out 4-3 (Groundball, 4)
|
Batting: LHB José Rodríguez
|
0-0: Fly out, F9 (Line Drive, 9D)
|
Top of the 7th over - 0 runs, 0 hits, 0 errors, 0 left on base; Houston 4 - Kalamazoo 1 |
BOTTOM OF THE 7TH |
Kalamazoo Royale with Cheese batting - Pitching for Houston Marshals : RHP Steve Stanton
|
Batting: LHB Roberto Sandoval
|
0-0: Foul Ball, location: 2F 0-1: SINGLE (Line Drive, 4M)
|
Pitching: RHP Jim Daniel
|
|
Batting: LHB Bob Smith
|
0-0: Foul Ball, location: 2F 0-1: Ball 1-1: Ball 2-1: Grounds into double play, 6-4-3 (Groundball, 6)
|
Batting: LHB Donovan Bird
|
0-0: Called Strike 0-1: Ball 1-1: Swinging Strike 1-2: Ball 2-2: Ball 3-2: Base on Balls
|
Batting: RHB Zander Tremblett
|
0-0: Called Strike 0-1: Called Strike 0-2: Foul Ball, location: 2F 0-2: Foul Ball, location: 2F 0-2: Foul Ball, location: 2F 0-2: Strikes out swinging
|
Bottom of the 7th over - 0 runs, 1 hit, 0 errors, 1 left on base; Houston 4 - Kalamazoo 1 |
TOP OF THE 8TH |
Houston Marshals batting - Pitching for Kalamazoo Royale with Cheese : RHP Bob Cunningham
|
Batting: LHB Michael Cook
|
0-0: Foul Ball, location: 2F 0-1: Ball 1-1: Ball 2-1: Called Strike 2-2: Foul Ball, location: 2F 2-2: Ball 3-2: Foul Ball, location: 2F 3-2: Strikes out swinging, 2-3 out at first.
|
Batting: RHB Esteban Lara
|
0-0: Ball 1-0: Swinging Strike 1-1: Called Strike 1-2: Ground out 6-3 (Groundball, 56)
|
Batting: SHB Álex Rosado
|
0-0: Reached on error, E5 (Groundball, 56)
|
Batting: RHB Marvin Johnson
|
0-0: Ground out U3 (Groundball, 3)
|
Top of the 8th over - 0 runs, 0 hits, 1 error, 1 left on base; Houston 4 - Kalamazoo 1 |
BOTTOM OF THE 8TH |
Kalamazoo Royale with Cheese batting - Pitching for Houston Marshals : RHP Jim Daniel
|
Batting: LHB Bill McJannett
|
0-0: Called Strike 0-1: Ball 1-1: Called Strike 1-2: Ball 2-2: Strikes out swinging, 2-3 out at first.
|
Batting: RHB Eichiro Yamamoto
|
0-0: Called Strike 0-1: Called Strike 0-2: Ground out 3-1 (Groundball, 34)
|
Batting: RHB Millard Boyd
|
0-0: Ball 1-0: Ball 2-0: Ball 3-0: Base on Balls
|
Batting: LHB Gene Cooper
|
0-0: Ground out U3 (Groundball, 3)
|
Bottom of the 8th over - 0 runs, 0 hits, 0 errors, 1 left on base; Houston 4 - Kalamazoo 1 |
TOP OF THE 9TH |
Houston Marshals batting - Pitching for Kalamazoo Royale with Cheese : RHP Bob Cunningham
|
Pitching: RHP Víctor Reyes
|
|
Batting: SHB Walton Locke
|
0-0: Foul Ball, location: 2F 0-1: Called Strike 0-2: Ball 1-2: Strikes out swinging
|
Batting: LHB Sammy Marshall
|
0-0: Called Strike 0-1: Called Strike 0-2: Ball 1-2: Ball 2-2: SOLO HOME RUN (Flyball, 9D), Distance : 391 ft
|
Batting: RHB Javier Rentería
|
0-0: Foul Ball, location: 2F 0-1: Fly out, F6 (Popup, 6MD)
|
Batting: SHB Ramón Lugo
|
0-0: Called Strike 0-1: Ball 1-1: Called Strike 1-2: Strikes out swinging
|
Top of the 9th over - 1 run, 1 hit, 0 errors, 0 left on base; Houston 5 - Kalamazoo 1 |
BOTTOM OF THE 9TH |
Kalamazoo Royale with Cheese batting - Pitching for Houston Marshals : RHP Jim Daniel
|
Batting: SHB Caden Keith
|
0-0: Ball 1-0: Ball 2-0: Foul Ball, location: 2F 2-1: Foul Ball, location: 2F 2-2: Ball 3-2: Fly out, F7 (Flyball, 78M)
|
Batting: LHB Roberto Sandoval
|
0-0: Ball 1-0: Foul Ball, location: 2F 1-1: Swinging Strike 1-2: Foul Ball, location: 2F 1-2: Ball 2-2: Ball 3-2: Foul Ball, location: 2F 3-2: Fly out, F6 (Popup, 6M)
|
Batting: LHB Bob Smith
|
0-0: Ground out 4-3 (Groundball, 4S)
|
Bottom of the 9th over - 0 runs, 0 hits, 0 errors, 0 left on base; Houston 5 - Kalamazoo 1 |
|